 Dungeon Crawl Stone Soup version 0.28.0-1-gb440e238dd (webtiles) character file.

Game seed: 10326222721997830396

5571 fragbeetle the Transmogrifier (level 10, -3/85 HPs)
             Began as a Purple Draconian Transmuter on Feb 25, 2022.
             Was a Priest of Nemelex Xobeh.
             Slain by a troll (7 damage)
             ... on level 10 of the Dungeon.
             The game lasted 00:21:52 (12747 turns).

fragbeetle the Transmogrifier (DrTm)               Turns: 12747, Time: 00:21:52

Health: -3/85      AC:  8    Str: 20    XL:     10   Next: 44%
Magic:  22/22      EV: 10    Int: 14    God:    Nemelex Xobeh [***...]
Gold:   501        SH:  0    Dex: 14    Spells: 2/13 levels left

rFire   x . .      SeeInvis .     - Unarmed
rCold   + + +      Faith    .   (shield currently unavailable)
rNeg    . . .      Spirit   .   (armour unavailable)
rPois   +          Reflect  .   (helmet currently unavailable)
rElec   .          Harm     .   (cloak currently unavailable)
rCorr   .          Rampage  .   (gloves currently unavailable)
Will    +....                   (boots currently unavailable)
Stlth   +.........              (no amulet)
HPRegen 0.24/turn               d - ring of magical power
MPRegen 0.18/turn               i - +6 ring of strength

@: lethally poisoned (-3 -> -4), about to teleport, ice-form (expiring)
A: freezing attack, amphibious, boosted hp, (breathe power), AC +7, large,
unfitting armour, (cold-blooded)
a: End Transformation, Renounce Religion, Draw Escape, Draw Destruction, Draw
Summoning, Triple Draw


You were on level 10 of the Dungeon.
You worshipped Nemelex Xobeh.
Nemelex Xobeh was most pleased with you.
You were a creature of crystalline ice.
You visited 2 branches of the dungeon, and saw 13 of its levels.

You collected 621 gold pieces.
You spent 120 gold pieces at shops.

Inventory:

Hand Weapons
 C - a +5 quarterstaff (melded)
Missiles
 q - 15 poisoned darts
 z - 2 throwing nets
 F - a curare-tipped dart
Armour
 a - a +2 kite shield
 j - a +0 pair of gloves (melded)
 o - a +2 pair of boots (melded)
Jewellery
 d - a ring of magical power (left front paw)
 i - a +6 ring of strength (right front paw)
 t - a ring of protection from cold
 E - a +4 ring of protection
Wands
 u - a wand of charming (1)
 w - a wand of digging (5)
 x - a wand of iceblast (4)
Scrolls
 b - 4 scrolls of immolation
 f - 3 scrolls of enchant armour
 k - a scroll of amnesia {unknown}
 m - a scroll of teleportation
 p - a scroll of fear {unknown}
 v - a scroll of brand weapon {unknown}
 y - a scroll of magic mapping {unknown}
 B - a scroll of silence {unknown}
 D - a scroll of enchant weapon {unknown}
Potions
 c - 2 potions of attraction {unknown}
 e - 3 potions of haste {unknown}
 g - 2 potions of ambrosia {unknown}
 h - a potion of berserk rage
 l - a potion of lignification
 n - a potion of might
 r - a potion of brilliance {unknown}
 s - 2 potions of resistance
 A - 2 potions of curing {unknown}


   Skills:
 - Level 1.1 Fighting
 - Level 1.7 Dodging
 - Level 4.0 Unarmed Combat
 - Level 2.4 Spellcasting
 - Level 11.5 Transmutations
 - Level 10.0 Ice Magic
 - Level 2.0 Poison Magic
 + Level 2.1 Evocations


You had 2 spell levels left.
You knew the following spells:

 Your Spells              Type           Power      Damage    Failure   Level
a - Beastly Appendage     Tmut           68%        N/A       1%          1
b - Spider Form           Tmut/Pois      20%        N/A       4%          3
c - Ice Form              Ice/Tmut       31%        N/A       2%          4
d - Swiftness             Air            1%         N/A       56%         3

Your spell library contained the following spells:

 Spells                   Type           Power      Damage    Failure   Level
 Wereblood                Tmut           34%        N/A       1%          2
 Shock                    Conj/Air       4%         1d3       22%         1
 Poisonous Vapours        Pois/Air       8%         N/A       22%         2
 Corpse Rot               Necr/Air       2%         N/A       34%         2
 Sublimation of Blood     Necr           1%         N/A       34%         2
 Airstrike                Air            0%         N/A       92%         4
 Summon Hydra             Summ           0%         N/A       100%        7


Dungeon Overview and Level Annotations

Branches:
Dungeon (12/15)            Temple (1/1) D:4            Lair (0/6) D:8
    Orc: D:9-12

Altars:
Ashenzari
Cheibriados
Elyvilon
Fedhas
Hepliaklqana
Kikubaaqudgha
Makhleb
Nemelex Xobeh
Okawaru
Qazlal
Ru
Sif Muna
Trog
Uskayaw
Vehumet
Wu Jian
Xom
Yredelemnul
Zin
The Shining One

Shops:
D:3 (   D:6 *

Annotations:
D:4 Dowan, Duvessa
D:8 3 transporters


Innate Abilities, Weirdness & Mutations

You are a creature of crystalline ice.
You have a powerful freezing melee attack.
You are amphibious.
Your maximum health is increased.
Your armour is entirely melded.
You are incapable of wielding weapons or throwing items.
((You can breathe bolts of dispelling energy.))
((Your rich purple scales are hard. (AC +7)))
You cannot fit into any form of body armour.
((You are cold-blooded and may be slowed by cold attacks.))


Message History

Found 6 curare-tipped darts.
A hornet and a troll come into view.
The hornet buzzes angrily.
Your transformation is almost over.
The hornet stings you!
You are poisoned.
You feel yourself slow down. The hornet closely misses you.
You feel yourself speed up.
You feel very sick. The hornet completely misses you.
You see here 6 curare-tipped darts.
You closely miss the hornet.
You feel sick. The hornet barely misses you.
You punch the hornet! You freeze the hornet.
The hornet is severely wounded.
You feel sick. The hornet barely misses you. The troll bites you!
The troll barely misses you. x2; The hornet stings you.
You suddenly lose the ability to move!
You feel sick. The hornet stings you. The troll bites you but does no damage.
The troll claws you but does no damage. The troll claws you.
You feel sick. The hornet stings you. The troll bites you!
The troll claws you but does no damage. The troll claws you.
* * * LOW HITPOINT WARNING * * *
The hornet stings you but does no damage.
You feel sick.
The hornet stings you but does no damage.
The troll bites you!
* * * LOW HITPOINT WARNING * * *
The troll claws you.
* * * LOW HITPOINT WARNING * * *
The troll claws you.
* * * LOW HITPOINT WARNING * * *
You can move again.
Okay, then.
Unknown command.
As you read the scroll labelled BEH ECHYME, it crumbles to dust.
You feel strangely unstable.
It was a scroll of teleportation.
You feel sick. The hornet closely misses you. The troll barely misses you.
The troll claws you!
You die...
Your body glows slightly and disappears.

#............
##...........
#...........(
#............
####.......##...
##........#.# #..
##.............
##.....#........
#.Yy..##........
#...T...##...##..
##.......#..## ##
#..........#
.........####
............
..^.......#..#
..#......##..#


You could see a troll and a hornet.

Vanquished Creatures
  Pikel (D:4)
  The ghost of yahweh the Slasher, an amateur MiBe of Trog (D:4)
  Sigmund (D:6)
  A shadow (D:10)
  A wraith (D:6)
  3 yaks (D:11)
  A steam dragon (D:7)
  2 water moccasins
  2 black bears
  2 ice beasts
  A sky beast (D:6)
  A necrophage (D:8)
  A centaur (D:6)
  2 lemures
  A phantom (D:6)
  4 kobold brigands
  A wyvern zombie (D:7)
  A scorpion (D:4)
  A water moccasin zombie (D:4)
  A water moccasin skeleton (D:4)
  5 killer bees (D:7)
  6 howler monkeys
  6 crimson imps (D:11)
  A bullfrog zombie (D:6)
  4 centaur zombies
  A hound (D:5)
  2 jellies
  2 gnoll shamans
  3 orc priests
  A centaur skeleton (D:4)
  7 iguanas
  5 orc wizards
  A killer bee zombie (D:7)
  A howler monkey zombie (D:5)
  14 gnolls
  A howler monkey skeleton (D:5)
  2 adders
  A shadow imp (D:7)
  3 white imps
  An ufetubus (D:5)
  An adder skeleton (D:2)
  A worm (D:2)
  2 dart slugs
  20 orcs
  7 ball pythons
  5 bats
  4 endoplasms
  2 giant cockroaches
  3 goblins
  5 hobgoblins
  2 jackals (D:1)
  11 kobolds
  6 quokkas
  2 frilled lizards (D:2)
  5 rats
172 creatures vanquished.

Vanquished Creatures (collateral kills)
  3 yaks (D:11)
3 creatures vanquished.

Vanquished Creatures (others)
  A crimson imp (D:11)
1 creature vanquished.

Grand Total: 176 creatures vanquished

Notes
Turn   | Place    | Note
-------+----------+-------------------------------------------
     0 | D:1      | fragbeetle the Draconian Transmuter began the quest for the
                  | Orb.
     0 | D:1      | Reached XP level 1. HP: 16/16 MP: 3/3
   521 | D:1      | Reached XP level 2. HP: 10/23 MP: 3/5
  1488 | D:2      | Reached XP level 3. HP: 7/28 MP: 6/6
  1771 | D:2      | Learned a level 3 spell: Spider Form
  1943 | D:2      | Reached skill level 3 in Transmutations
  2005 | D:2      | Found a faded altar of an unknown god.
  2744 | D:2      | Reached XP level 4. HP: 22/35 MP: 7/7
  3301 | D:3      | Found Elosa's Weapon Shoppe.
  3401 | D:3      | Reached skill level 1 in Poison Magic
  3813 | D:4      | Reached skill level 4 in Transmutations
  3813 | D:4      | Reached XP level 5. HP: 38/40 MP: 8/8
  3849 | D:4      | Noticed a lemure
  3852 | D:4      | Noticed Pikel
  3852 | D:4      | Noticed a lemure
  3852 | D:4      | Noticed a lemure
  3853 | D:4      | Noticed a lemure
  3889 | D:3      | Killed a lemure
  4009 | D:3      | Learned a level 4 spell: Ice Form
  4030 | D:4      | Noticed an ice beast
  4146 | D:4      | Reached skill level 1 in Ice Magic
  4344 | D:4      | Found an iron altar of Okawaru.
  4363 | D:4      | Reached skill level 5 in Transmutations
  4363 | D:4      | Reached XP level 6. HP: 39/47 MP: 9/9
  4470 | D:4      | Noticed Duvessa
  4470 | D:4      | Noticed Dowan
  4489 | D:5      | Entered Level 5 of the Dungeon
  4801 | D:5      | Found a glowing golden altar of the Shining One.
  5327 | D:5      | Reached skill level 6 in Transmutations
  5327 | D:5      | Your scales start taking on a rich purple colour.
  5327 | D:5      | Reached XP level 7. HP: 33/52 MP: 10/10
  5499 | D:6      | Noticed Sigmund
  5570 | D:6      | Found a hazy altar of Hepliaklqana.
  5571 | D:6      | Found a faded altar of an unknown god.
  5935 | D:6      | Killed Sigmund
  5936 | D:6      | Reached skill level 7 in Transmutations
  6010 | D:6      | Reached XP level 8. HP: 52/59 MP: 9/11
  6278 | D:6      | Reached skill level 8 in Transmutations
  6469 | D:6      | Reached skill level 5 in Ice Magic
  6931 | D:4      | Reached skill level 9 in Transmutations
  6958 | D:4      | Found a snail-covered altar of Cheibriados.
  6958 | D:4      | Found a hide-covered altar of Uskayaw.
  7184 | D:4      | Killed Pikel
  7185 | D:4      | Reached XP level 9. HP: 57/64 MP: 12/12
  7334 | D:4      | Found a staircase to the Ecumenical Temple.
  7342 | Temple   | Entered the Ecumenical Temple
  7536 | Temple   | Became a worshipper of Nemelex Xobeh the Trickster
  7683 | D:4      | Reached skill level 10 in Transmutations
  7742 | D:4      | Found a runed translucent door.
  7745 | D:4      | Noticed yahweh's ghost (amateur MiBe)
  7972 | D:4      | Killed yahweh's ghost
  8409 | D:6      | Found Yzeherho's General Store.
  8412 | D:6      | Bought a potion of resistance for 100 gold pieces
  8412 | D:6      | Bought a scroll of identify for 20 gold pieces
  8981 | D:7      | Reached * piety under Nemelex Xobeh
  9108 | D:7      | Received a gift from Nemelex Xobeh
 10229 | D:7      | Reached ** piety under Nemelex Xobeh
 10525 | D:8      | Found a radiant altar of Vehumet.
 10525 | D:8      | Found an ancient bone altar of Kikubaaqudgha.
 10525 | D:8      | Found an ornate altar of the Wu Jian Council.
 10589 | D:8      | Noticed a two-headed ogre
 10738 | D:8      | Found a transporter.
 10749 | D:8      | Found a transporter.
 10754 | D:8      | Found a transporter.
 10754 | D:8      | Found a transporter.
 10756 | D:8      | Found a transporter.
 10756 | D:8      | Found a transporter.
 11084 | D:8      | Found a staircase to the Lair.
 11239 | D:8      | Received a gift from Nemelex Xobeh
 11316 | D:9      | Noticed a two-headed ogre
 11316 | D:9      | Noticed a two-headed ogre
 11403 | D:9      | Learned a level 3 spell: Swiftness
 11413 | D:9      | You fall into a shaft and drop 3 floors!
 11565 | D:11     | Reached *** piety under Nemelex Xobeh
 11588 | D:11     | Reached XP level 10. HP: 62/71 MP: 13/13
 11693 | D:12     | Noticed a two-headed ogre
 11693 | D:12     | Noticed a two-headed ogre
 11745 | D:11     | Reached skill level 11 in Transmutations
 12275 | D:11     | Noticed a manticore
 12281 | D:10     | Entered Level 10 of the Dungeon
 12533 | D:10     | Reached skill level 10 in Ice Magic
 12664 | D:10     | Reached skill level 1 in Evocations
 12743 | D:10     | Paralysed by a hornet for 3 turns
 12747 | D:10     | HP: 4/85 [poisoned by a hornet]
 12747 | D:10     | Slain by a troll

Illustrated notes

Levels and vault maps discovered:
D:1:      pf_arrival_petrified_forest, layout_loops_ring, minivault_24
D:2:      layout_loops_ring, hellmonk_ecumenical_altar_zigzags
D:3:      layout_loops_ring, serial_shops, nicolae_shop_hallway_plus
D:4:      layout_cave_pods, general_overflow_altar,
          gammafunk_temple_overflow_wave, minmay_temple_entry_drinking_statues,
          hellmonk_ghost_happy_afterlife, chequers_hall_statues_corner_a,
          uniq_pikel, uniq_duvessa
D:5:      layout_basic, tso_altar, minivault_25
D:6:      layout_cave_pools, beargit_hepliaklqana_dungeon_heroes, serial_shops,
          nicolae_shop_behind_doors, minmay_misc_feat_ornament,
          minmay_misc_feat_rows, hangedman_decor_opposing, uniq_sigmund
D:7:      layout_layer_cave, nicolae_figureground_sparkle
D:8:      layout_loops_corners, gammafunk_temple_overflow_claw,
          lair_entry_dummy, serial_shops, shop, minivault_11,
          serial_nicolae_subway, nicolae_sub_station_stone,
          nicolae_sub_station_metal, nicolae_sub_station_crystal
D:9:      layout_basic, mainiacjoe_overflow_paths,
          nicolae_gozag_cash_rules_everything_around_me, serial_shops,
          shop_fountains
D:10:     kennysheep_six_static_rooms, layout_cave_pools, uniq_maurice
D:11:     layout_big_octagon, orc_0_dummy, minmay_nine_imps, uniq_grum
D:12:     minmay_roctagon, layout_gridville, palyth_stone_intersect
Temple:   minmay_temple_bridge_abc

Skill      XL: |  1  2  3  4  5  6  7  8  9 10 |
---------------+-------------------------------+-----
Transmutations | 3 4 5 6 7 9 10 11 | 11.5
Unarmed Combat | 4 |  4.0
Poison Magic   | 1 2 |  2.0
Ice Magic      | 1 2 4 6 9 10 | 10.0
Evocations     | 2 |  2.1
Fighting       | |  1.1
Dodging        | |  1.7
Spellcasting   | |  2.4

Action                   |  1- 3 |  4- 6 |  7- 9 | 10-12 || total
-------------------------+-------+-------+-------+-------++-------
Melee: Unarmed           |   109 |   158 |   271 |   112 ||   650
       Tailslap          |    19 |    16 |     4 |       ||    39
       Kick              |    23 |    36 |     6 |       ||    65
       Headbutt          |     9 |    16 |     2 |       ||    27
       Punch             |     2 |     4 |     1 |       ||     7
       Quarterstaff      |       |       |    21 |     2 ||    23
Throw: Dart              |       |       |     2 |       ||     2
 Cast: Beastly Appendage |    24 |    30 |     3 |       ||    57
       Spider Form       |       |     4 |    15 |     3 ||    22
       Ice Form          |       |       |    25 |     5 ||    30
       Swiftness         |       |       |       |     1 ||     1
 Abil: Breathe Dispellin |       |       |     1 |       ||     1
  Use: Scroll            |       |       |     7 |     3 ||    10
       Potion            |       |       |       |     2 ||     2
 Stab: Sleeping          |     1 |       |     1 |       ||     2
Armor: Skin              |    32 |    33 |    82 |    41 ||   188
Dodge: Dodged            |    65 |   105 |   188 |   109 ||   467
